AoeStats
← miraDlaw

Arena

504827901Analyzed
3v3 RM · 25d ago on Sep 6, 2026· 56m 35s· 6 players
Game mode
Random Map
Map size
Normal (6 player)
Population
200
Speed
Normal
Resources
Standard
Victory
Conquest
Starting age
Dark Age
Ending age
Imperial Age
RankedLock teamsTeams togetherTeam positionsShared explorationLock speedFull tech treeHidden civsTurbo modeCheats
Victory
Defeat
🇺🇸 Wei · United States
669
+11
🇪🇸 Britons · Spain
665
+11
659
+11
🇫🇷 Sicilians · France
640
-30
🇬🇧 Magyars · United Kingdom
573
-12
🇩🇪 Malay · Germany
434
-7
miraDlaw
bennett308
1:34 Loom
13:43 Feudal Age
16:48 Double-Bit Axe
17:59 Town Watch
18:50 Wheelbarrow
24:27 Man-at-Arms
27:12 Castle Age
25:19 Stone Mining
25:20 Gold Mining
26:19 Horse Collar
28:27 Hand Cart
28:13 Town Patrol
28:51 Gold Shaft Mining
28:18 Heavy Plow
33:44 Bow Saw
34:42 Long Swordsman
34:43 Pikeman
46:15 Imperial Age
48:34 Two-Man Saw
Kit_tr
13:49 Feudal Age
14:36 Wheelbarrow
14:23 Double-Bit Axe
15:07 Horse Collar
18:42 Gold Mining
23:08 Scale Barding Armor
23:13 Forging
25:13 Castle Age
25:16 Heavy Plow
26:09 Hand Cart
27:02 Iron Casting
27:08 Iron Casting
26:56 Bow Saw
28:42 Gold Shaft Mining
29:58 Husbandry
33:01 Imperial Age
32:08 Elite Battle Elephant
33:55 Chemistry
37:40 Conscription
36:46 Elite Karambit Warrior
41:08 Blast Furnace
44:35 Crop Rotation
er_Dionis
12:34 Feudal Age
14:23 Double-Bit Axe
14:51 Loom
14:55 Horse Collar
17:26 Castle Age
17:29 Gold Mining
20:33 Bow Saw
20:37 Heavy Plow
22:53 Fervor
31:13 Imperial Age
29:51 Fletching
30:02 Padded Archer Armor
30:32 Yeomen
30:53 Heated Shot
31:26 Ballistics
32:32 Wheelbarrow
35:20 Hand Cart
36:17 Two-Man Saw
36:21 Warwolf
37:32 Chemistry
36:32 Bodkin Arrow
36:53 Leather Archer Armor
36:50 Forging
36:41 Scale Mail Armor
36:47 Scale Barding Armor
38:18 Town Watch
38:38 Bracer
39:09 Ring Archer Armor
38:05 Pikeman
38:50 Squires
38:36 Gambesons
38:39 Arson
38:21 Cavalier
38:25 Crossbowman
38:32 Elite Skirmisher
38:37 Crossbowman
39:21 Husbandry
38:52 Elite Longbowman
40:21 Gold Shaft Mining
40:40 Siege Engineers
41:18 Iron Casting
40:59 Chain Mail Armor
41:05 Chain Barding Armor
40:14 Arbalester
40:45 Capped Ram
40:59 Halberdier
41:50 Town Patrol
42:11 Guilds
42:11 Caravan
44:28 Blast Furnace
42:55 Man-at-Arms
43:37 Long Swordsman
44:29 Two-Handed Swordsman
45:12 Murder Holes
45:34 Masonry
45:37 Fortified Wall
46:05 Plate Mail Armor
46:12 Plate Barding Armor
45:04 Light Cavalry
46:16 Stone Mining
46:52 Champion
48:44 Conscription
49:11 Hoardings
Гроза Крипов
13:16 Feudal Age
14:09 Double-Bit Axe
14:09 Horse Collar
14:18 Town Watch
15:09 Wheelbarrow
14:28 Gold Mining
14:30 Stone Mining
18:45 Fletching
19:08 Padded Archer Armor
25:14 Castle Age
25:38 Forging
25:29 Scale Mail Armor
26:12 Hand Cart
26:10 Bow Saw
26:04 Heavy Plow
26:43 Stone Shaft Mining
26:22 Crossbowman
28:30 Treadmill Crane
29:31 Ballistics
29:08 Murder Holes
29:17 Bodkin Arrow
29:31 Squires
30:28 Leather Archer Armor
35:03 Imperial Age
33:03 Caravan
36:01 Iron Casting
35:43 Chain Mail Armor
37:29 Chemistry
37:33 Two-Man Saw
37:07 Crop Rotation
37:03 Conscription
37:34 Silk Road
37:48 Thumb Ring
40:02 Bracer
40:58 Ring Archer Armor
42:19 Blast Furnace
41:51 Plate Mail Armor
42:43 Pirotechnia
42:28 Arson
43:41 Hoardings
44:53 Elite Genoese Crossbowman
Forsaken__King
10:55 Feudal Age
11:25 Double-Bit Axe
11:48 Horse Collar
13:10 Wheelbarrow
14:53 Stone Mining
16:02 Gold Mining
21:25 Castle Age
19:14 Loom
20:07 Scale Barding Armor
20:13 Forging
20:51 Forging
22:37 Heavy Plow
22:49 Bow Saw
23:08 Hand Cart
23:32 Gold Shaft Mining
24:33 Fletching
25:05 Chain Barding Armor
26:43 Husbandry
28:45 Bloodlines
29:10 Ballistics
30:25 Iron Casting
30:26 Fortified Wall
32:14 Fervor
34:39 Tuntian
38:14 Imperial Age
35:32 Town Watch
37:11 Stone Shaft Mining
36:35 Bodkin Arrow
36:42 Scale Mail Armor
36:41 Murder Holes
36:57 Masonry
36:41 Guard Tower
36:53 Pikeman
37:34 Squires
37:22 Arson
38:05 Caravan
40:05 Crop Rotation
40:41 Blast Furnace
39:42 Bracer
39:11 Heavy Hei Guang Cavalry
40:20 Ming Guang Armor
40:31 Hoardings
40:53 Capped Ram
42:19 Halberdier
44:32 Sanctity
45:35 Conscription
46:42 Chemistry
46:18 Keep
52:11 Chain Mail Armor
51:29 Elite Tiger Cavalry
Connection lost

Rejoining the realm…

Still unreachable

The connection could not be restored.

Session expired

The server has moved on; the page needs a fresh start.